UAA
ATLANTIC CITY SONICS @ MARMORA SCRAMBLERS
07/15/2017
 
TOP OF THE 1ST
Atlantic City Sonics batting - Pitching for Marmora Scramblers : RHP Chris Hopkins
Pitching: RHP Chris Hopkins
Batting: RHB Tim Giap 0-0: SINGLE (Line Drive, 4MD)
Batting: RHB Jason Duncan 0-0: Ball
1-0: Fly out, F9 (Flyball, 9LMF)
Batting: LHB Francisco Ortega 0-0: Ball
1-0: Foul Ball, location: 2F
1-1: Foul Ball, location: 2F
1-2: 2-RUN HOME RUN (Flyball, 9D), Distance : 360 ft
Batting: RHB Russell Jackson 0-0: Ball
1-0: Called Strike
1-1: Foul Ball, location: 2F
1-2: Ball
2-2: Ground out 5-3 (Groundball, 5L)
Batting: LHB Dale Parkinson 0-0: Ball
1-0: Ball
2-0: DOUBLE (Flyball, 8LM)
Batting: RHB Jesús Rodríguez 0-0: Ball
1-0: Ball
2-0: Ground out 5-3 (Groundball, 56)
Top of the 1st over - 2 run(s), 3 hit(s), 0 error(s), 1 left on base; Atlantic City 2 - Marmora 0
BOTTOM OF THE 1ST
Marmora Scramblers batting - Pitching for Atlantic City Sonics : LHP Pedro Pacheco
Pitching: LHP Pedro Pacheco
Batting: RHB Clarence Fox 0-0: Called Strike
0-1: Ball
1-1: Foul Ball, location: 2F
1-2: Ball
2-2: Ground out 4-3 (Groundball, 4)
Batting: RHB Josh Stafford 0-0: Swinging Strike
0-1: Foul Ball, location: 2F
0-2: Ball
1-2: Ball
2-2: Ground out 5-3 (Groundball, 56S)
Batting: SHB Dave Orchard 0-0: Foul Ball, location: 2F
0-1: Fly out, F3 (Popup, 3)
Bottom of the 1st over - 0 run(s), 0 hit(s), 0 error(s), 0 left on base; Atlantic City 2 - Marmora 0
TOP OF THE 2ND
Atlantic City Sonics batting - Pitching for Marmora Scramblers : RHP Chris Hopkins
Batting: RHB Chris Foreman 0-0: Called Strike
0-1: Ball
1-1: Ball
2-1: Ball
3-1: Base on Balls
Batting: RHB Michael Bucknell 0-0: Called Strike
0-1: Ball
1-1: Ball
2-1: Ball
3-1: SINGLE (Groundball, 6M)
Chris Foreman to second
Batting: RHB Marty Hayden 0-0: Called Strike
0-1: Called Strike
0-2: Ball
1-2: Foul Ball, location: 2F
1-2: Ball
2-2: Fly out, F7 (Flyball, 7M)
Batting: RHB Tim Giap 0-0: Ball
1-0: Called Strike
1-1: Ball
2-1: Ground out 6-3 (Groundball, 6S)
Chris Foreman to third
Michael Bucknell to second
Batting: RHB Jason Duncan 0-0: Called Strike
0-1: Ball
1-1: Ball
Wild Pitch!
Chris Foreman scores
Michael Bucknell to third
2-1: Ball
3-1: Base on Balls
Pitching: LHP José Castro
Batting: LHB Francisco Ortega 0-0: Called Strike
0-1: Swinging Strike
0-2: Foul Ball, location: 2F
0-2: Ball
1-2: Strikes out swinging
Top of the 2nd over - 1 run(s), 1 hit(s), 0 error(s), 2 left on base; Atlantic City 3 - Marmora 0
BOTTOM OF THE 2ND
Marmora Scramblers batting - Pitching for Atlantic City Sonics : LHP Pedro Pacheco
Batting: LHB Markus Richardson 0-0: Called Strike
0-1: Swinging Strike
0-2: Ball
1-2: Ball
2-2: Fly out, F5 (Line Drive, 56)
Batting: RHB Chris Teague 0-0: Called Strike
0-1: Foul Ball, location: 2F
0-2: Strikes out swinging
Batting: LHB Steve Riggs 0-0: Swinging Strike
0-1: Swinging Strike
0-2: Ball
1-2: SINGLE (Flyball, 8RS)
Batting: RHB Carl Carlson 0-0: Ball
1-0: Called Strike
1-1: Ball
2-1: Ball
3-1: Ground out 4-3 (Groundball, 4)
Bottom of the 2nd over - 0 run(s), 1 hit(s), 0 error(s), 1 left on base; Atlantic City 3 - Marmora 0
TOP OF THE 3RD
Atlantic City Sonics batting - Pitching for Marmora Scramblers : LHP José Castro
Batting: RHB Russell Jackson 0-0: Ball
1-0: Called Strike
1-1: Called Strike
1-2: Ball
2-2: Strikes out swinging
Batting: LHB Dale Parkinson 0-0: Called Strike
0-1: Called Strike
0-2: SINGLE (Line Drive, 34D)
Batting: RHB Jesús Rodríguez 0-0: Ball
1-0: Foul Ball, location: 2F
1-1: Foul Ball, location: 2F
1-2: Strikes out looking
Batting: RHB Chris Foreman 0-0: Ball
1-0: Ball
2-0: Ball
3-0: Called Strike
3-1: Base on Balls
Dale Parkinson to second
Batting: RHB Michael Bucknell 0-0: Ball
1-0: SINGLE (Line Drive, 6MD)
Dale Parkinson to third
Chris Foreman to second
Runner from 3rd tries for Home, SAFE, throw made home
Batting: RHB Marty Hayden 0-0: Ball
1-0: Ball
2-0: SINGLE (Flyball, 8RS)
Chris Foreman to third
Michael Bucknell to second
Runner from 3rd tries for Home, SAFE, no throw or cutoff
Pitching: RHP Manny Caraballo
Batting: RHB Tim Giap 0-0: Called Strike
0-1: Ball
1-1: Ball
2-1: Foul Ball, location: 2F
2-2: Ball
3-2: Strikes out swinging
Top of the 3rd over - 2 run(s), 3 hit(s), 0 error(s), 2 left on base; Atlantic City 5 - Marmora 0
BOTTOM OF THE 3RD
Marmora Scramblers batting - Pitching for Atlantic City Sonics : LHP Pedro Pacheco
Batting: RHB Victor Haley 0-0: Ball
1-0: Ball
2-0: Ball
3-0: Base on Balls
Batting: RHB Larry Bryant 0-0: Called Strike
0-1: Grounds into double play, 1-4-3 (Groundball, 15)
Batting: RHB Clarence Fox 0-0: Ball
1-0: Ball
2-0: Called Strike
2-1: Foul Ball, location: 2F
2-2: Ball
3-2: Foul Ball, location: 2F
3-2: Foul Ball, location: 2F
3-2: Fly out, F9 (Line Drive, 9M)
Bottom of the 3rd over - 0 run(s), 0 hit(s), 0 error(s), 0 left on base; Atlantic City 5 - Marmora 0
TOP OF THE 4TH
Atlantic City Sonics batting - Pitching for Marmora Scramblers : RHP Manny Caraballo
Batting: RHB Jason Duncan 0-0: Called Strike
0-1: Foul Ball, location: 2F
0-2: Foul Ball, location: 2F
0-2: Ball
1-2: Ball
2-2: Ball
3-2: Ground out 6-3 (Groundball, 6)
Batting: LHB Francisco Ortega 0-0: Ball
1-0: Fly out, F8 (Flyball, 8LM)
Batting: RHB Russell Jackson 0-0: DOUBLE (Flyball, 7LM)
Batting: LHB Dale Parkinson 0-0: Ball
1-0: Swinging Strike
1-1: Foul Ball, location: 2F
1-2: Strikes out looking
Top of the 4th over - 0 run(s), 1 hit(s), 0 error(s), 1 left on base; Atlantic City 5 - Marmora 0
BOTTOM OF THE 4TH
Marmora Scramblers batting - Pitching for Atlantic City Sonics : LHP Pedro Pacheco
Batting: RHB Josh Stafford 0-0: Ball
1-0: SINGLE (Line Drive, 8LS)
Batting: SHB Dave Orchard 0-0: Ball
1-0: Ball
2-0: SINGLE (Flyball, 8LS)
Josh Stafford to second
Batting: LHB Markus Richardson 0-0: Ball
1-0: Ball
2-0: Fly out, F5 (Popup, 5S)
Batting: RHB Chris Teague 0-0: Ground out 4-3 (Groundball, 4M)
Josh Stafford to third
Dave Orchard to second
Batting: LHB Steve Riggs 0-0: Called Strike
0-1: Swinging Strike
0-2: Ball
1-2: Strikes out swinging
Bottom of the 4th over - 0 run(s), 2 hit(s), 0 error(s), 2 left on base; Atlantic City 5 - Marmora 0
TOP OF THE 5TH
Atlantic City Sonics batting - Pitching for Marmora Scramblers : RHP Manny Caraballo
Batting: RHB Jesús Rodríguez 0-0: Foul Ball, location: 2F
0-1: Ball
1-1: Called Strike
1-2: Ball
2-2: Strikes out swinging
Batting: RHB Chris Foreman 0-0: Swinging Strike
0-1: Foul Ball, location: 2F
0-2: Ground out 6-3 (Groundball, 6)
Batting: RHB Michael Bucknell 0-0: Ball
1-0: Ball
2-0: Called Strike
2-1: Ball
3-1: Base on Balls
Batting: RHB Marty Hayden 0-0: Ball
1-0: Ball
2-0: Fly out, F4 (Popup, 4)
Top of the 5th over - 0 run(s), 0 hit(s), 0 error(s), 1 left on base; Atlantic City 5 - Marmora 0
BOTTOM OF THE 5TH
Marmora Scramblers batting - Pitching for Atlantic City Sonics : LHP Pedro Pacheco
Batting: RHB Carl Carlson 0-0: Called Strike
0-1: Ground out 3-1 (Groundball, 34)
Batting: RHB Victor Haley 0-0: Ball
1-0: Ground out 5-3 (Groundball, 56S)
Batting: RHB Larry Bryant 0-0: Ball
1-0: Called Strike
1-1: Fly out, F8 (Flyball, 8RM)
Bottom of the 5th over - 0 run(s), 0 hit(s), 0 error(s), 0 left on base; Atlantic City 5 - Marmora 0
TOP OF THE 6TH
Atlantic City Sonics batting - Pitching for Marmora Scramblers : RHP Manny Caraballo
Batting: RHB Tim Giap 0-0: SINGLE (Groundball, 5L)
Batting: RHB Jason Duncan 0-0: SINGLE (Flyball, 6MD)
Tim Giap to second
Batting: LHB Francisco Ortega 0-0: Called Strike
0-1: Swinging Strike
0-2: Fly out, F7 (Line Drive, 78M)
Batting: RHB Russell Jackson 0-0: Called Strike
0-1: Foul Ball, location: 2F
0-2: Ball
1-2: Ball
2-2: Ground out 5-3 (Groundball, 5S)
Tim Giap to third
Jason Duncan to second
Batting: LHB Dale Parkinson 0-0: Called Strike
0-1: Ball
1-1: Ball
2-1: Swinging Strike
2-2: Foul Ball, location: 2F
2-2: SINGLE (Line Drive, 56D)
Tim Giap scores
Jason Duncan to third
Runner from 3rd tries for Home, SAFE, no throw or cutoff
Pitching: LHP Jim Unknown
Batting: RHB Jesús Rodríguez 0-0: Ball
1-0: Foul Ball, location: 2F
1-1: Called Strike
1-2: Foul Ball, location: 2F
1-2: Fly out, F8 (Flyball, 8RXD)
Top of the 6th over - 2 run(s), 3 hit(s), 0 error(s), 1 left on base; Atlantic City 7 - Marmora 0
BOTTOM OF THE 6TH
Marmora Scramblers batting - Pitching for Atlantic City Sonics : LHP Pedro Pacheco
Batting: RHB Clarence Fox 0-0: Ball
1-0: Ground out 6-3 (Groundball, 6M)
Batting: RHB Josh Stafford 0-0: Ball
1-0: Ball
2-0: Called Strike
2-1: Called Strike
2-2: Ball
3-2: Base on Balls
Batting: SHB Dave Orchard 0-0: Ball
1-0: Ball
2-0: Fly out, F7 (Flyball, 7LM)
Batting: LHB Markus Richardson 0-0: Ball
1-0: Called Strike
1-1: Foul Ball, location: 2F
1-2: Foul Ball, location: 2F
1-2: Ball
2-2: Ball
3-2: Foul Ball, location: 2F
3-2: Fly out, F8 (Line Drive, 8RM)
Bottom of the 6th over - 0 run(s), 0 hit(s), 0 error(s), 1 left on base; Atlantic City 7 - Marmora 0
TOP OF THE 7TH
Atlantic City Sonics batting - Pitching for Marmora Scramblers : LHP Jim Unknown
Batting: RHB Chris Foreman 0-0: Ball
1-0: Ball
2-0: Called Strike
2-1: Ball
3-1: Swinging Strike
3-2: Strikes out swinging
Batting: RHB Michael Bucknell 0-0: Foul Ball, location: 2F
0-1: Ball
1-1: Ball
2-1: Called Strike
2-2: Strikes out swinging
Batting: RHB Marty Hayden 0-0: Ball
1-0: Ball
2-0: Ground out 6-3 (Groundball, 6)
Top of the 7th over - 0 run(s), 0 hit(s), 0 error(s), 0 left on base; Atlantic City 7 - Marmora 0
BOTTOM OF THE 7TH
Marmora Scramblers batting - Pitching for Atlantic City Sonics : LHP Pedro Pacheco
Batting: RHB Chris Teague 0-0: Swinging Strike
0-1: Ball
1-1: Ground out 6-3 (Groundball, 6M)
Batting: LHB Steve Riggs 0-0: Ball
1-0: Ball
2-0: Ball
3-0: Base on Balls
Batting: RHB Carl Carlson 0-0: Ball
1-0: SINGLE (Groundball, 56)
Steve Riggs to second
Batting: RHB Victor Haley 0-0: Called Strike
0-1: Ball
1-1: Swinging Strike
1-2: Foul Ball, location: 2F
1-2: Ball
2-2: Hit by Pitch
Steve Riggs to third
Carl Carlson to second
Batting: RHB Larry Bryant 0-0: Ball
Wild Pitch!
Steve Riggs scores
Carl Carlson to third
Victor Haley to second
1-0: Called Strike
1-1: Foul Ball, location: 2F
1-2: Ball
2-2: SINGLE (Line Drive, 6MD)
Carl Carlson scores
Victor Haley to third
Runner from 3rd tries for Home, SAFE, no throw or cutoff
Batting: RHB Clarence Fox 0-0: Ball
Wild Pitch!
Larry Bryant to second
1-0: Called Strike
1-1: Swinging Strike
1-2: Strikes out looking
Pitching: RHP José Carlos Hernández
Batting: RHB Josh Stafford 0-0: Ball
1-0: Called Strike
1-1: Ball
2-1: Foul Ball, location: 2F
2-2: Strikes out swinging
Bottom of the 7th over - 3 run(s), 2 hit(s), 0 error(s), 1 left on base; Atlantic City 7 - Marmora 3
TOP OF THE 8TH
Atlantic City Sonics batting - Pitching for Marmora Scramblers : LHP Jim Unknown
Batting: RHB Tim Giap 0-0: Fly out, F7 (Line Drive, 7D)
Batting: RHB Jason Duncan 0-0: Called Strike
0-1: Ball
1-1: SOLO HOME RUN (Flyball, 7D), Distance : 369 ft
Batting: LHB Francisco Ortega 0-0: Ball
1-0: Ground out 6-3 (Groundball, 6M)
Batting: RHB Russell Jackson 0-0: Foul Ball, location: 2F
0-1: Ball
1-1: Foul Ball, location: 2F
1-2: Fly out, F3 (Popup, 34S)
Top of the 8th over - 1 run(s), 1 hit(s), 0 error(s), 0 left on base; Atlantic City 8 - Marmora 3
BOTTOM OF THE 8TH
Marmora Scramblers batting - Pitching for Atlantic City Sonics : RHP José Carlos Hernández
Batting: SHB Dave Orchard 0-0: Fly out, F6 (Popup, 6MS)
Batting: LHB Markus Richardson 0-0: Ball
1-0: Ball
2-0: Ball
3-0: Base on Balls
Batting: RHB Chris Teague 0-0: Called Strike
0-1: Ground out 5-3 (Groundball, 56S)
Markus Richardson to second
Batting: LHB Steve Riggs 0-0: Ball
1-0: Ball
2-0: Called Strike
2-1: DOUBLE (Line Drive, 9LM)
Markus Richardson scores
Batting: RHB Carl Carlson 0-0: Called Strike
0-1: Ball
1-1: Ball
2-1: Fly out, F8 (Flyball, 8LM)
Bottom of the 8th over - 1 run(s), 1 hit(s), 0 error(s), 1 left on base; Atlantic City 8 - Marmora 4
TOP OF THE 9TH
Atlantic City Sonics batting - Pitching for Marmora Scramblers : LHP Jim Unknown
Batting: LHB Dale Parkinson 0-0: Called Strike
0-1: Swinging Strike
0-2: SINGLE (Line Drive, 56)
Batting: RHB Jesús Rodríguez 0-0: Called Strike
0-1: Ball
1-1: Ball
2-1: Swinging Strike
2-2: Ball
3-2: Foul Ball, location: 2F
3-2: SINGLE (Line Drive, 6MD)
Dale Parkinson to second
Batting: RHB Chris Foreman 0-0: Foul Ball, location: 2F
0-1: Ball
1-1: Ball
2-1: Ball
3-1: 3-RUN HOME RUN (Flyball, 9D), Distance : 356 ft
Pitching: RHP Jim Unknown
Batting: RHB Michael Bucknell 0-0: Called Strike
0-1: Called Strike
0-2: Ground out 6-3 (Groundball, 6)
Batting: RHB Marty Hayden 0-0: Ball
1-0: Swinging Strike
1-1: Called Strike
1-2: Foul Ball, location: 2F
1-2: Ball
2-2: Strikes out swinging
Batting: RHB Tim Giap 0-0: Called Strike
0-1: Ball
1-1: Foul Ball, location: 2F
1-2: Strikes out looking
Top of the 9th over - 3 run(s), 3 hit(s), 0 error(s), 0 left on base; Atlantic City 11 - Marmora 4
BOTTOM OF THE 9TH
Marmora Scramblers batting - Pitching for Atlantic City Sonics : RHP José Carlos Hernández
Batting: RHB Victor Haley 0-0: Called Strike
0-1: Foul Ball, location: 2F
0-2: Fly out, F8 (Flyball, 8LM)
Batting: RHB Larry Bryant 0-0: Ball
1-0: Called Strike
1-1: Ball
2-1: Foul Ball, location: 2F
2-2: Strikes out swinging
Batting: RHB Clarence Fox 0-0: Called Strike
0-1: Called Strike
0-2: Ball
1-2: Hit by Pitch
Batting: RHB Josh Stafford 0-0: Called Strike
0-1: Ball
1-1: Ball
2-1: Swinging Strike
2-2: Fielders Choice at 2nd, 6-4 (Groundball, 6MS)
Bottom of the 9th over - 0 run(s), 0 hit(s), 0 error(s), 0 left on base; Atlantic City 11 - Marmora 4
This league is powered by Out of the Park Baseball, the baseball management simulation game for PC, Mac and Linux
Saturday, February 27th, 2021 - OOTP Baseball 15.6 Build 34